 Dungeon Crawl Stone Soup version 0.29.1-1-gd02db6906a (webtiles) character file.

Game seed: 12850267319852207846

854 porpoise the Poker (level 8, -12/65 HPs)
             Began as a Formicid Abyssal Knight on Oct 3, 2022.
             Was an Elder of Lugonu.
             Mangled by a two-headed ogre
             ... wielding a +0 giant spiked club
              (27 damage)
             ... on level 5 of the Dungeon.
             The game lasted 00:16:57 (5210 turns).

porpoise the Poker (Formicid Abyssal Knight)        Turns: 5210, Time: 00:16:57

Health: -12/65     AC:  6    Str: 20    XL:     8   Next: 21%
Magic:  9/9        EV: 14    Int: 10    God:    Lugonu [****..]
Gold:   260        SH:  5    Dex: 14    Spells: 7/7 levels left

rFire   . . .      SeeInvis +   a - +1 spear
rCold   . . .      Faith    .   (no shield)
rNeg    . . .      Spirit   .   i - +0 scale mail
rPois   .          Reflect  +   (helmet unavailable)
rElec   .          Harm     .   (no cloak)
rCorr   .          Rampage  .   (no gloves)
Will    .....                   (no boots)
Stlth   ..........              f - amulet of reflection
HPRegen 0.20/turn               t - +4 ring of evasion
MPRegen 0.11/turn               y - +4 ring of slaying

@: no status effects
A: permanent stasis, dig shafts and tunnels, antennae 3, four strong arms
a: Dig, Shaft Self, Renounce Religion, Depart the Abyss, Bend Space, Banish,
Corrupt


You were on level 5 of the Dungeon.
You worshipped Lugonu.
Lugonu was greatly pleased with you.
You visited 1 branch of the dungeon, and saw 5 of its levels.
You visited the Abyss 1 time.
You also visited: Sewer.

You collected 260 gold pieces.

Inventory:

Hand Weapons
 a - a +1 spear (weapon)
 x - a +0 morningstar
Missiles
 j - 3 silver boomerangs
 n - a throwing net
 p - 2 boomerangs
 C - 3 javelins
Armour
 i - a +0 scale mail (worn)
 D - a +1 animal skin
Jewellery
 f - an amulet of reflection (around neck)
 t - a +4 ring of evasion (left hand)
 u - a +6 ring of strength
 y - a +4 ring of slaying (right hand)
 F - the ring "Tip Jir" {Wiz rN+ Dex+2}
   (You found it on level 4 of the Dungeon)

   [ring of wizardry]

   It improves your spell success rate.
   Dex:       It affects your dexterity (+2).
   rN:        It protects you from negative energy.
Wands
 v - a wand of quicksilver (6) (quivered)
 w - a wand of roots (14)
Scrolls
 h - a scroll of enchant armour {unknown}
 l - a scroll of vulnerability {unknown}
 m - 2 scrolls of magic mapping
 s - a scroll of enchant weapon {unknown}
 z - 4 scrolls of identify {unknown}
 B - a scroll of summoning {unknown}
 G - a scroll of teleportation {unknown}
 H - a scroll of amnesia {unknown}
Potions
 b - 2 potions of degeneration {unknown}
 c - 3 potions of haste {unknown}
 d - 3 potions of heal wounds
 e - a potion of might {unknown}
 g - a potion of mutation {unknown}
 k - a potion of curing {unknown}
 o - a potion of flight {unknown}
 q - a potion of brilliance {unknown}
 r - a potion of lignification {unknown}
 A - 2 potions of cancellation {unknown}
 E - a potion of magic {unknown}


   Skills:
 + Level 6.4 Fighting
 * Level 7.4 Polearms
 - Level 2.1 Armour
 - Level 0.8 Dodging
 - Level 2.1 Invocations


You had 7 spell levels left.
You didn't know any spells.
Your spell library contained the following spells:

 Spells                   Type           Power      Damage    Failure   Level
 Foxfire                  Conj/Fire      0%         2x1d4     73%         1
 Static Discharge         Conj/Air       0%         3-3/arc   86%         2
 Conjure Flame            Conj/Fire      0%         6-21      97%         3
 Inner Flame              Hex/Fire       0%         N/A       97%         3
 Portal Projectile        Hex/Tloc       0%         N/A       97%         3
 Tukima's Dance           Hex            0%         N/A       97%         3
 Dispel Undead            Necr           0%         3d6       100%        4
 Flame Wave               Conj/Fire      0%         2d4       100%        4
 Sticky Flame             Conj/Fire      0%         2d3       100%        4
 Blade Hands              Tmut           0%         N/A       100%        5


Dungeon Overview and Level Annotations

Branches:
Dungeon (5/15)             Temple (0/1) D:4           Sewer (visited)

Altars:


Innate Abilities, Weirdness & Mutations

You cannot be hasted, slowed, berserked, paralysed or teleported.
You can dig through walls and to a lower floor.
You have a pair of large antennae on your head. (SInv)
Your four strong arms can wield two-handed weapons with a shield.


Message History

Unknown command.
You hit the two-headed ogre.
The two-headed ogre is heavily wounded.
An orc comes into view.
It is wielding a +2 dagger of holy wrath.
The quokka bites you but does no damage.
The two-headed ogre closely misses you.
The two-headed ogre completely misses you.
You puncture the two-headed ogre!
You punch the two-headed ogre, but do no damage.
The two-headed ogre is severely wounded.
The sentinel's mark upon you fades away.
The quokka barely misses you.
You barely miss the two-headed ogre.
The two-headed ogre is severely wounded.
The quokka closely misses you.
An orc comes into view. It is wielding a +0 dagger.
The two-headed ogre barely misses you. The two-headed ogre closely misses you.
You completely miss the two-headed ogre.
The two-headed ogre is severely wounded.
The quokka closely misses you.
You hit the two-headed ogre.
The two-headed ogre is severely wounded.
The two-headed ogre closely misses you. The two-headed ogre barely misses you.
You barely miss the two-headed ogre.
The two-headed ogre is severely wounded.
The quokka closely misses you.
You hit the two-headed ogre.
The two-headed ogre is severely wounded.
You block the quokka's attack.
The two-headed ogre hits you with a +0 giant spiked club!!
* * * LOW HITPOINT WARNING * * *
The two-headed ogre barely misses you.
It was a potion of heal wounds.
You feel much better. You block the quokka's attack.
The quokka barely misses you.
You barely miss the two-headed ogre.
The two-headed ogre is severely wounded.
The two-headed ogre hits you with a +0 giant spiked club!!
* * * LOW HITPOINT WARNING * * *
The two-headed ogre hits you with a +0 giant club!!
You die...

##.....#### ##........
##.....## #.........
##.....## #.........
#......## #.........
##......###......... #
##......#..........
...##
##................
#..oo##O......>........
#or@#...............
####.....####.>.....
###...# ....... ##..#
...... ##.# #..... #.#
... ##. . .


You could see a two-headed ogre, 3 orcs and a quokka.

Vanquished Creatures
  Sigmund (D:4)
  An ice beast (D:5)
  2 scorpions (D:4)
  A jelly (D:4)
  4 hounds
  An iguana (D:5)
  3 orc wizards
  Natasha (D:4)
  A hell rat (Sewer)
  Robin (D:4)
  5 adders
  3 river rats (Sewer)
  A white imp (D:5)
  2 worms
  3 dart slugs
  9 orcs
  2 ball pythons
  2 bats (D:3)
  4 endoplasms
  6 giant cockroaches
  7 goblins
  10 hobgoblins
  2 jackals (D:1)
  3 quokkas
  3 frilled lizards
  6 kobolds
  14 rats
98 creatures vanquished.

Notes
Turn   | Place    | Note
-------+----------+-------------------------------------------
     0 | Abyss:1  | porpoise the Formicid Abyssal Knight began the quest for
                  | the Orb.
     0 | Abyss:1  | Reached XP level 1. HP: 18/18 MP: 2/2
     1 | D:1      | Escaped the Abyss
   253 | D:1      | Reached XP level 2. HP: 24/24 MP: 3/3
   272 | D:1      | Found a faded altar of an unknown god.
  1483 | D:2      | Reached skill level 3 in Polearms
  1483 | D:2      | Reached XP level 3. HP: 20/30 MP: 4/4
  1819 | D:2      | Reached XP level 4. HP: 37/37 MP: 5/5
  2170 | D:3      | Reached *** piety under Lugonu
  2194 | D:3      | Reached skill level 4 in Polearms
  2206 | D:3      | Reached XP level 5. HP: 15/42 MP: 6/6
  3293 | D:4      | Found Neniyvvorgh's Weapon Shoppe.
  3373 | D:4      | Reached XP level 6. HP: 27/49 MP: 7/7
  3492 | D:4      | Reached skill level 5 in Fighting
  3492 | D:4      | Reached skill level 5 in Polearms
  3508 | D:4      | Found a glowing drain.
  3546 | Sewer    | Entered a sewer
  3883 | D:4      | Reached XP level 7. HP: 44/56 MP: 8/8
  4099 | D:4      | Reached **** piety under Lugonu
  4120 | D:4      | Noticed Robin
  4139 | D:4      | Killed Robin
  4158 | D:4      | Noticed Natasha
  4171 | D:4      | Killed Natasha
  4172 | D:4      | Reached skill level 6 in Polearms
  4207 | D:4      | Noticed Sigmund
  4214 | D:4      | Killed Sigmund
  4364 | D:4      | Found a staircase to the Ecumenical Temple.
  4559 | D:4      | Identified the ring "Tip Jir" {Wiz rN+ Dex+2}
  4867 | D:5      | Entered Level 5 of the Dungeon
  5034 | D:5      | Reached skill level 7 in Polearms
  5034 | D:5      | Reached XP level 8. HP: 45/64 MP: 9/9
  5195 | D:5      | Noticed a two-headed ogre
  5210 | D:5      | Mangled by a two-headed ogre

Illustrated notes

Levels and vault maps discovered:
D:1:      nagdon_arrival_zigzag_paths, layout_basic, serial_aquarium,
          aquarium_bridge_straight [aquarium_subvault_bridge,
          aquarium_subvault_balcony, aquarium_subvault_bridge,
          aquarium_subvault_window], aquarium_window_1, aquarium_window_1,
          aquarium_view_2c, aquarium_balcony_3a, aquarium_pool_split,
          chequers_ecumenical_altar_simple, dk_noncrumbling_4
D:2:      layout_basic
D:3:      layout_basic, minmay_misc_feat_columns, dreamdust_wishing_well
D:4:      minmay_general_purpose_star, layout_basic,
          minmay_temple_entry_drinking_statues, gup_sewer_entry_bowl,
          serial_shops, shop_fountains, hangedman_decor_peaks_small, uniq_robin,
          uniq_sigmund, uniq_natasha
D:5:      layout_cave_pods, general_overflow_altar

Skill      XL: |  1  2  3  4  5  6  7 |
---------------+----------------------+-----
Polearms       | 3 4 5 7 |  7.4
Fighting       | 4 5 6 |  6.4
Armour         | |  2.1
Dodging        | |  0.8
Invocations    | |  2.1

Action                   |  1- 3 |  4- 6 |  7- 9 || total
-------------------------+-------+-------+-------++-------
Melee: Spear             |    73 |   187 |   123 ||   383
       Punch             |     1 |     4 |     2 ||     7
Throw: Boomerang         |       |     4 |       ||     4
Evoke: Wand              |       |       |     4 ||     4
  Use: Scroll            |       |     1 |       ||     1
       Potion            |       |       |     1 ||     1
 Stab: Sleeping          |     1 |       |       ||     1
Armor: Leather armour    |     5 |       |       ||     5
       Scale mail        |    16 |    41 |    13 ||    70
Dodge: Dodged            |    24 |    49 |    50 ||   123
Block: Other             |       |    13 |    19 ||    32
